 Dungeon Crawl Stone Soup version 0.30-a0-1094-g860fb061e7 (webtiles) character file.

Game seed: 4401469318551223071

10129 Iniera the Destroyer (level 11, -4/66 HPs)
             Began as a Kobold Conjurer on Apr 18, 2023.
             Slain by Harold
             ... wielding a +0 glaive
              (18 damage)
             ... on level 9 of the Dungeon.
             The game lasted 00:24:44 (11397 turns).

Iniera the Destroyer (Kobold Conjurer)             Turns: 11397, Time: 00:24:44

Health: -4/66      AC:  7    Str:  8    XL:     11   Next: 87%
Magic:  7/21       EV: 18    Int: 26    God:
Gold:   366        SH:  0    Dex: 19    Spells: 7/24 levels left

rFire   . . .      SeeInvis .    s - +5 dagger of Woe {drain, *Slow rPois Str+2 Int+3}
rCold   . . .      Faith    .    (no shield)
rNeg    . . .      Spirit   .    d - +0 acid dragon scales
rPois   +          Reflect  .    I - +1 hat
rElec   .          Rampage  .    m - scarf {repulsion}
rCorr   +                        (no gloves)
Will    .....                    (no boots)
Stlth   ++++                     n - amulet of regeneration
HPRegen 1.11/turn                h - +6 ring of dexterity
MPRegen 0.17/turn                x - ring of wizardry

@: marked, repel missiles
A: small, no large weapons, nightstalker 3
a: no special abilities


You were on level 9 of the Dungeon.
You visited 2 branches of the dungeon, and saw 10 of its levels.

You collected 436 gold pieces.
You spent 70 gold pieces at shops.

Inventory:

Hand Weapons
 f - a +1 vampiric dagger
 g - a +1 trident of protection
 s - the +5 dagger of Woe (weapon) {drain, *Slow rPois Str+2 Int+3}
   (You found it on level 7 of the Dungeon)

   Str:       It affects your strength (+2).
   Int:       It affects your intelligence (+3).
   rPois:     It protects you from poison.
   *Slow:     It may slow you when you take damage.
Missiles
 J - 3 throwing nets
Armour
 d - +0 acid dragon scales (worn)
 m - a scarf of repulsion (worn)
 I - a +1 hat (worn)
Jewellery
 h - a +6 ring of dexterity (left hand)
 l - an amulet of faith
 n - an amulet of regeneration (around neck)
 x - a ring of wizardry (right hand)
 D - a ring of see invisible
 E - a ring of willpower
Wands
 o - a wand of charming (23)
 q - a wand of digging (7)
 r - a wand of mindburst (20)
 t - a wand of acid (1)
 y - a wand of flame (15)
Scrolls
 c - 2 scrolls of teleportation
 i - a scroll of silence
 j - 2 scrolls of immolation
 k - 2 scrolls of fog
 A - a scroll of enchant armour {unknown}
 H - a scroll of amnesia
 K - 2 scrolls of magic mapping
Potions
 a - a potion of ambrosia
 b - 2 potions of magic
 e - a potion of heal wounds
 p - 2 potions of flight
 u - a potion of attraction
 v - 3 potions of curing
 w - a potion of invisibility {unknown}
 z - 2 potions of mutation {unknown}
 C - 2 potions of degeneration {unknown}
 F - 2 potions of cancellation {unknown}
 G - a potion of brilliance {unknown}


   Skills:
 + Level 6.5 Fighting
 - Level 2.3 Armour
 + Level 7.8 Dodging
 + Level 6.3 Stealth
 + Level 7.3 Spellcasting
 * Level 10.3 Conjurations
 - Level 5.0 Hexes
 - Level 5.0 Translocations
 + Level 5.0 Earth Magic


You had 7 spell levels left.
You knew the following spells:

 Your Spells              Type           Power      Damage    Failure   Level
a - Magic Dart            Conj           100%       1d8       1%          1
b - Searing Ray           Conj           100%       2d8       1%          2
c - Fulminant Prism       Conj/Hex       24%        3d12      1%          4
d - Iskenderun's Mystic   Conj/Tloc      49%        2d11      1%          4
e - Iron Shot             Conj/Erth      24%        9d5       26%         6

Your spell library contained the following spells:

 Spells                   Type           Power      Damage    Failure   Level
 Dazzling Flash           Conj/Hex       98%        N/A       1%          3
 Anguish                  Hex/Necr       11%        N/A       16%         4
 Animate Armour           Summ/Erth      44%        N/A       16%         4
 Silence                  Hex/Air        11%        N/A       38%         5
 Agony                    Necr           9%         N/A       71%         5
 Blade Hands              Tmut           4%         N/A       71%         5
 Enfeeble                 Hex            17%        N/A       98%         7


Dungeon Overview and Level Annotations

Branches:
Dungeon (9/15)             Temple (1/1) D:4            Lair (0/5) D:8
    Orc: D:9-12

Altars:
Fedhas
Gozag
Hepliaklqana
Makhleb
Nemelex Xobeh
Okawaru
Qazlal
Trog
Wu Jian
Xom
Yredelemnul
The Shining One

Shops:
D:4 ?

Annotations:
D:9 Harold


Innate Abilities, Weirdness & Mutations

You are small and have problems with some larger weapons.
You are completely attuned to the shadows.


Message History

Your butterfly dies!
Your butterfly disappears in a burst of colours!
Harold fires a harpoon shot at you.
The harpoon shot is repelled.
Unknown command.
Your butterfly is engulfed in a cloud of scalding steam.
Your butterfly dies!
Your butterfly disappears in a burst of colours!
The gnoll sergeant is engulfed in a cloud of scalding steam.
The gnoll sergeant zaps a wand.
Your will is overpowered!
You are confused.
You're too confused to move!
The gnoll sergeant zaps a wand.
You easily resist.
The gnoll sergeant zaps a wand.
Your will is overpowered!
You are more confused.
You bump into the rock wall.
Harold says, "My wife will appreciate not having to wash blood out of my clothes anymore."
The steam dragon attacks as you move away!
The steam dragon barely misses you. The steam dragon misses you.
Harold says, "Ah, this is what I got into this business for!"
You closely miss the steam dragon.
The steam dragon is heavily wounded.
The steam dragon bites you.
* * * LOW HITPOINT WARNING * * *
The steam dragon barely misses you. Harold closely misses you.
The steam dragon breathes steam at you. The ball of steam misses you.
You bump into the rock wall.
You are engulfed in a cloud of scalding steam.
* * * LOW HITPOINT WARNING * * *
Harold is engulfed in a cloud of scalding steam.
Harold misses you.
You bump into the rock wall.
You are engulfed in a cloud of scalding steam.
* * * LOW HITPOINT WARNING * * *
You feel less confused. The steam dragon completely misses you.
The steam dragon claws you.
* * * LOW HITPOINT WARNING * * *
Harold is engulfed in a cloud of scalding steam.
Harold hits you from afar with a +0 glaive!!
You die...

#.<....^..+.._###.
#.........###.###.
........# #.# .#
.......###'###.#
.........# #'##.###.# .
#..§§.# ####§## #@#
###D##########
#.@§g........#
#...>........#
b.......##............#
........##............#
....@..b##............#
......g.#g............#
K..).†§.#.............#


You could see Harold, a steam dragon (catching breath) and a gnoll sergeant.

Vanquished Creatures
  Gastronok (D:9)
  A two-headed ogre (D:6)
  A swamp dragon (shapeshifter) (D:8)
  Pikel (D:8)
  2 manticores (D:8)
  A cyclops (D:8)
  An elephant (D:8)
  Maggie (D:7)
  An unseen horror zombie (D:8)
  A troll (D:8)
  Prince Ribbit (D:9)
  A wyvern (D:7)
  A yak (D:8)
  A basilisk (D:8)
  Grum (D:9)
  A steam dragon (D:8)
  Menkaure (D:4)
  A vampire mosquito (D:8)
  2 water moccasins
  3 acid dragons
  3 ice beasts
  3 orc warriors
  A hornet zombie (D:8)
  A sky beast (D:6)
  2 black bears
  2 wolves (D:9)
  4 centaurs
  A phantom (D:4)
  4 lemures
  2 kobold brigands
  A bullfrog (D:6)
  3 wyvern zombies (D:8)
  A gnoll sergeant (D:8)
  4 scorpions
  4 killer bees (D:7)
  6 howler monkeys (D:9)
  A jelly (D:7)
  2 centaur zombies (D:8)
  5 hounds
  4 orc priests
  A gnoll bouda (D:6)
  4 iguanas
  9 orc wizards
  2 howler monkey zombies (D:8)
  14 gnolls
  10 adders
  A shadow imp (D:7)
  2 white imps
  An ufetubus (D:5)
  2 worms
  3 dart slugs
  22 orcs
  3 ball pythons
  5 bats (D:2)
  10 endoplasms
  2 giant cockroaches (D:1)
  16 goblins
  8 hobgoblins
  2 jackals (D:1)
  19 kobolds
  A quokka (D:2)
  2 frilled lizards (D:3)
  2 rats (D:3)
219 creatures vanquished.

Vanquished Creatures (others)
  A kobold brigand (D:9)
  38 fulminant prisms
  2 fungi (D:8)
  A plant (D:8)
42 creatures vanquished.

Grand Total: 261 creatures vanquished

Notes
Turn   | Place    | Note
-------+----------+-------------------------------------------
     0 | D:1      | Iniera the Kobold Conjurer began the quest for the Orb.
     0 | D:1      | Reached XP level 1. HP: 10/10 MP: 3/3
   131 | D:1      | Found a faded altar of an unknown god.
   282 | D:1      | Reached XP level 2. HP: 9/15 MP: 0/5
   632 | D:1      | Reached XP level 3. HP: 19/19 MP: 6/6
   644 | D:1      | Learned a level 2 spell: Searing Ray
  1263 | D:2      | Reached skill level 5 in Conjurations
  1263 | D:2      | Reached XP level 4. HP: 22/24 MP: 8/8
  2065 | D:3      | Found a bloodstained altar of Trog.
  2125 | D:3      | Found an opulent altar of Gozag.
  2406 | D:3      | Reached XP level 5. HP: 23/28 MP: 9/9
  2803 | D:4      | Found a stormy altar of Qazlal.
  2807 | D:4      | Reached skill level 1 in Hexes
  2807 | D:4      | Reached skill level 1 in Translocations
  2984 | D:4      | Found Puyvyorgh's Magic Scroll Shoppe.
  2989 | D:4      | Bought a scroll of identify for 28 gold pieces
  3031 | D:4      | Bought a scroll of teleportation for 42 gold pieces
  3075 | D:4      | Found a staircase to the Ecumenical Temple.
  3081 | Temple   | Entered the Ecumenical Temple
  3189 | D:4      | Noticed a black bear
  3193 | D:4      | Killed a black bear
  3194 | D:4      | Reached XP level 6. HP: 32/32 MP: 5/11
  3393 | D:4      | Noticed Menkaure
  3398 | D:4      | Killed Menkaure
  3399 | D:4      | Reached skill level 6 in Conjurations
  3399 | D:4      | Reached XP level 7. HP: 36/36 MP: 4/12
  3868 | D:4      | Reached skill level 1 in Fighting
  3873 | D:4      | Learned a level 4 spell: Fulminant Prism
  3878 | D:4      | Learned a level 4 spell: Iskenderun's Mystic Blast
  4028 | D:4      | Found a sparkling altar of Nemelex Xobeh.
  4311 | D:5      | Entered Level 5 of the Dungeon
  4424 | D:5      | Found an ornate altar of the Wu Jian Council.
  4655 | D:5      | Found an iron altar of Okawaru.
  4863 | D:5      | Noticed a water moccasin
  4874 | D:5      | Killed a water moccasin
  4875 | D:5      | Reached XP level 8. HP: 13/44 MP: 4/14
  4878 | D:5      | HP: 2/44 [poisoned by a water moccasin]
  6079 | D:6      | Reached skill level 7 in Conjurations
  6217 | D:6      | Reached skill level 5 in Spellcasting
  6263 | D:6      | You fall into a shaft and drop 1 floor!
  6471 | D:6      | Noticed a two-headed ogre
  6473 | D:6      | Found a blossoming altar of Fedhas.
  6483 | D:6      | HP: 1/46 [two-headed ogre/+0 giant club (30)]
  6486 | D:6      | Killed a two-headed ogre
  6487 | D:6      | Reached skill level 5 in Dodging
  6487 | D:6      | Reached skill level 1 in Earth Magic
  6487 | D:6      | Reached XP level 9. HP: 17/52 MP: 1/17
  7345 | D:7      | Noticed Maggie
  7372 | D:7      | Killed Maggie
  7373 | D:7      | Reached skill level 8 in Conjurations
  7445 | D:7      | Reached XP level 10. HP: 55/58 MP: 0/18
  7639 | D:7      | Found a hazy altar of Hepliaklqana.
  7647 | D:7      | Identified the +5 dagger of Woe {drain, *Slow rPois Str+2
                  | Int+3}
  8694 | D:8      | Noticed Pikel
  8740 | D:8      | Noticed a swamp dragon
  8742 | D:8      | Killed Pikel
  8742 | D:8      | Noticed a cyclops
  8743 | D:8      | Reached skill level 5 in Hexes
  8743 | D:8      | Reached skill level 5 in Translocations
  8919 | D:8      | Killed a swamp dragon
  8920 | D:8      | Reached skill level 5 in Fighting
  8920 | D:8      | Reached skill level 1 in Armour
  9043 | D:8      | Killed a cyclops
  9044 | D:8      | Reached skill level 9 in Conjurations
  9228 | D:8      | Found a burning altar of Makhleb.
  9520 | D:8      | Noticed an elephant
  9526 | D:8      | Reached XP level 11. HP: 57/64 MP: 9/20
  9539 | D:8      | Killed an elephant
  9642 | D:8      | Learned a level 6 spell: Iron Shot
  9792 | D:8      | Found a staircase to the Lair.
  9809 | D:8      | Found a glowing golden altar of the Shining One.
  9954 | D:8      | Noticed a manticore
  9963 | D:8      | Killed a manticore
  9964 | D:8      | Reached skill level 5 in Stealth
 10303 | D:8      | Noticed a manticore
 10310 | D:8      | Killed a manticore
 10401 | D:8      | Found a basalt altar of Yredelemnul.
 10840 | D:8      | Reached skill level 10 in Conjurations
 10907 | D:9      | Noticed Gastronok
 10924 | D:9      | Killed Gastronok
 11130 | D:9      | Noticed Grum
 11141 | D:9      | Killed Grum
 11142 | D:9      | Reached skill level 5 in Earth Magic
 11318 | D:9      | Found a shimmering altar of Xom.
 11360 | D:9      | Noticed Prince Ribbit
 11367 | D:9      | Noticed Harold
 11372 | D:9      | Killed Prince Ribbit
 11375 | D:9      | HP: 3/66 [steam dragon (8)]
 11397 | D:9      | Slain by Harold

Illustrated notes

Levels and vault maps discovered:
D:1:      wander_arrival_desolate, layout_rooms, ebering_ecumenical_altar_mist
D:2:      layout_loops_corners
D:3:      layout_basic, nicolae_gozag_seed_capital, mainiacjoe_overflow_catwalk
D:4:      layout_gridville, nemelex_spade_bored_becter,
          nicolae_qazlal_scattered_showers, lemuel_temple_firewalk_a,
          serial_shops, shop, minmay_goblin_outpost, uniq_menkaure
D:5:      layout_loops_ring, old_standard_altar, okawaru_gym_becter
D:6:      layout_basic, mainiacjoe_overflow_tiny_flanked
D:7:      layout_gridville, mainiacjoe_overflow_six_doors_small, enter_bailey_5,
          uniq_maggie
D:8:      minmay_diamond_stairs, layout_cave_pools, kennysheep_little_box,
          nicolae_yredelemnul_corpse_copse, mainiacjoe_overflow_paths,
          david_lair_generic, uniq_pikel
D:9:      layout_roguey, minitemple, lemuel_doored_altar, uniq_harold,
          uniq_prince_ribbit1, uniq_grum, uniq_gastronok
Temple:   ebering_the_none_and_only

Skill      XL: |  1  2  3  4  5  6  7  8  9 10 11 |
---------------+----------------------------------+-----
Spellcasting   | 3 4 5 6 7 |  7.3
Conjurations   | 5 6 7 8 9 10 | 10.3
Hexes          | 1 2 4 5 |  5.0
Translocations | 1 2 4 5 |  5.0
Fighting       | 2 3 4 5 6 |  6.5
Dodging        | 3 5 6 7 |  7.8
Earth Magic    | 1 2 3 5 |  5.0
Stealth        | 4 6 |  6.3
Armour         | 1 2 |  2.3

Action                     |  1- 3 |  4- 6 |  7- 9 | 10-12 || total
---------------------------+-------+-------+-------+-------++-------
  Melee: Unarmed           |    21 |       |       |       ||    21
         Punch             |     1 |       |       |     2 ||     3
         Trident           |    63 |    73 |    94 |    78 ||   308
         Dagger            |       |       |       |   176 ||   176
   Cast: Magic Dart        |    18 |    10 |    63 |    35 ||   126
         Searing Ray       |     1 |     4 |    16 |     2 ||    23
         Fulminant Prism   |       |       |    13 |    25 ||    38
         Iskenderun's Myst |       |       |    18 |    50 ||    68
         Iron Shot         |       |       |       |     1 ||     1
  Evoke: Wand              |       |     1 |       |     7 ||     8
    Use: Scroll            |       |     6 |     3 |    10 ||    19
         Potion            |       |       |     7 |     3 ||    10
   Stab: Sleeping          |     7 |    17 |     1 |     2 ||    27
         Distracted        |       |     2 |       |     2 ||     4
 Armour: Robe              |     9 |     2 |     2 |       ||    13
         Leather armour    |       |       |    15 |       ||    15
         Skin              |       |       |     3 |       ||     3
         Acid dragon scale |       |       |       |    92 ||    92
  Dodge: Dodged            |    66 |    32 |    95 |   392 ||   585
         Repelled          |       |     1 |       |     5 ||     6
  Block: Other             |       |       |     3 |       ||     3

Table legend: (Time is in decaauts)
 A = Elapsed time spent in this place.
 B = Non-inter-level travel time spent in this place.
 C = Inter-level travel time spent in this place.
 D = Time resting spent in this place.
 E = Time spent auto-exploring this place.
 F = Levels seen in this place.
 G = Mean time per level.
                   A        B        C        D        E       F      G
               +--------+--------+--------+--------+--------+-----+--------+
         Total |  11531 |  11015 |    516 |   1546 |   7625 |  10 | 1153.1 |
       Dungeon |  11507 |  10992 |    515 |   1546 |   7625 |   9 | 1278.6 |
        Temple |     23 |     23 |      0 |      0 |      0 |   1 |   23.0 |
               +--------+--------+--------+--------+--------+-----+--------+

Top non-repeatable levels by time:
     D:8: 1877 daAuts
     D:7: 1768 daAuts
     D:6: 1592 daAuts
     D:4: 1491 daAuts
     D:5: 1411 daAuts
     D:2: 1198 daAuts
     D:1: 835 daAuts
     D:3: 803 daAuts
     D:9: 528 daAuts
  Temple: 23 daAuts
